Map: Frost LE

Players

Boylan - Winner!

  • Race: Terran Terran
  • League: Gold
  • Spawn Location: 1:00

Fropez

  • Race: Protoss Protoss
  • League: Gold
  • Spawn Location: 7:00

VOD

Have the link to the VOD?

Description

Time

  • Played on: Nov. 7, 2016, 10:23 a.m.
  • Length: 23:07
Show
View Real Time Build Order
Export as new Build Order

Boylan Terran - Winner!

Build Orders: Command Center First (CC) 

Get SALT Encoding   

  12  0:01  SCV  
  13  0:14  SCV  
  14  0:22  Supply Depot  
  14  0:26  SCV  
  15  0:56  Command Center  
  15  1:03  SCV  
  16  1:13  Barracks  
  16  1:16  Refinery  
  16  1:23  Refinery  
  16  1:53  Engineering Bay  
  16  1:57  SCV  
  17  2:09  SCV  
  17  2:10  Barracks Tech Lab  
  17  2:14  SCV  
  19  2:22  Planetary Fortress  
  19  2:27  SCV  
  20  2:38  Marauder  
  20  2:39  SCV  
  23  2:50  Factory  
  23  2:53  SCV  
  24  3:04  SCV  
  25  3:23  Missile Turret  
  25  3:25  SCV x2, Factory  
  27  3:37  Factory Reactor  
  27  3:40  SCV  
  28  3:43  SCV  
  29  4:03  Command Center  
  29  4:11  Factory Tech Lab  
  29  4:13  Widow Mine x2  
  33  4:21  SCV  
  33  4:24  SCV, Missile Turret  
  35  4:34  Siege Tank  
  38  4:50  Hi-Sec Auto Tracking  
  38  5:14  SCV x2  
  38  5:17  SCV  
  40  5:26  SCV x2, Widow Mine x2  
  40  5:27  Siege Tank  
  47  5:45  Command Center  
  47  5:48  Armory  
  47  5:59  SCV x2  
  47  6:00  SCV, Refinery  
  47  6:03  Refinery  
  50  6:11  SCV x2  
  52  6:28  Widow Mine  
  52  6:32  Widow Mine  
  51  6:40  SCV  
  51  6:41  SCV  
  53  6:49  Armory  
  53  6:53  Supply Depot  
  59  6:54  Orbital Command  
  53  6:56  Siege Tank  
  56  7:16  SCV  
  56  7:17  SCV, Supply Depot, Missile Turret  
  58  7:23  Planetary Fortress  
  58  7:25  SCV  
  58  7:28  SCV  
  58  7:29  Siege Tank, SCV  
  64  7:37  SCV  
  64  7:38  Terran Vehicle And Ship Armor Level 1  
  64  7:39  Terran Ship Weapons Level 1, Missile Turret  
  64  7:40  SCV  
  66  7:44  SCV  
  66  7:49  SCV  
  68  7:53  SCV  
  68  8:14  SCV x2  
  68  8:15  SCV x2  
  72  8:26  SCV x2  
  72  8:27  SCV x2  
  76  8:35  Widow Mine x3  
  76  8:38  SCV  
  83  8:55  Starport  
  83  8:57  Starport  
  83  8:58  Starport  
  83  9:01  Starport  
  59  9:42  Missile Turret x2  
  59  9:44  Missile Turret  
  59  9:47  SCV x2  
  59  9:48  SCV, Widow Mine x2  
  66  9:56  SCV, Terran Vehicle And Ship Armor Level 2  
  66  9:58  Terran Ship Weapons Level 2  
  67  10:06  SCV x2  
  67  10:07  SCV  
  70  10:08  SCV  
  71  10:17  Siege Tank  
  71  10:19  SCV x3  
  77  10:23  SCV  
  77  10:27  Command Center  
  77  10:28  Command Center  
  78  10:31  SCV x2  
  80  11:02  Starport Tech Lab  
  80  11:03  Starport Tech Lab x2  
  77  11:04  Starport Reactor  
  74  11:31  SCV x4  
  77  11:41  Refinery  
  77  11:42  Banshee x2  
  77  11:43  Banshee  
  77  11:44  Refinery  
  86  11:52  Fusion Core  
  86  12:06  SCV x3  
  89  12:26  SCV x5  
  89  12:27  SCV  
  95  12:33  Cloaking Field  
  95  12:35  Terran Vehicle And Ship Armor Level 3  
  95  12:36  Terran Ship Weapons Level 3  
  95  12:45  Starport  
  95  12:46  Starport  
  95  12:48  Starport, Missile Turret  
  95  13:02  Command Center  
  95  13:07  Command Center  
  95  13:10  Hyperflight Rotors  
  95  13:30  Starport  
  95  13:32  Starport Tech Lab x3  
  95  13:34  Starport  
  95  13:38  Advanced Ballistics  
  95  13:48  SCV x3  
  96  13:51  Refinery  
  96  13:52  SCV x2, Refinery  
  96  13:53  SCV  
  101  13:57  Refinery  
  101  14:00  SCV x2  
  100  14:14  SCV x4  
  100  14:15  Refinery  
  100  14:16  Missile Turret  
  104  14:18  Refinery  
  104  14:21  Missile Turret  
  104  14:23  Liberator x3  
  104  14:35  SCV, Missile Turret  
  104  14:36  Starport Reactor  
  105  14:38  Starport Tech Lab  
  105  14:42  Missile Turret  
  114  14:47  Planetary Fortress  
  114  14:57  Liberator x4  
  113  15:05  Missile Turret  
  125  15:39  Liberator  
  107  16:25  Liberator  
  107  16:26  Liberator  
  107  16:27  Liberator  
  98  16:52  Liberator  
  98  17:05  Supply Depot  
  98  17:08  Banshee  
  98  17:13  Liberator  
  99  17:17  Terran Vehicle Weapons Level 1  
  99  17:18  Liberator  
  99  17:26  Widow Mine x2, Banshee  
  99  17:28  Supply Depot  
  105  17:32  Liberator  
  107  17:48  Supply Depot  
  107  17:49  Banshee  
  107  17:50  SCV x5  
  115  17:51  Supply Depot  
  115  17:52  Banshee  
  111  18:09  Banshee  
  111  18:10  SCV  
  111  18:11  Supply Depot  
  115  18:12  Banshee x2  
  115  18:13  SCV  
  122  18:33  Banshee  
  111  18:46  Refinery x2  
  111  18:48  Command Center  
  108  19:01  Banshee  
  108  19:02  Banshee x2, Missile Turret  
  117  19:28  Banshee x3  
  117  19:29  Banshee  
  129  19:44  Banshee  
  130  19:51  Banshee  
  126  20:22  Supply Depot  
  126  20:23  Refinery  
  126  20:24  Supply Depot  
  126  20:47  Supply Depot  
  126  20:58  Supply Depot  
  126  21:07  Supply Depot  
  126  21:08  Banshee x2  
  126  21:09  Supply Depot x2  
  126  21:10  Supply Depot  
  132  21:19  Banshee x2  
  132  21:21  Supply Depot  
Show
View Real Time Build Order
Export as new Build Order

Fropez Protoss 

Build Orders:  

Get SALT Encoding   

  12  0:01  Probe (Chrono Boost)  
  13  0:11  Probe (Chrono Boost)  
  14  0:17  Pylon  
  14  0:23  Probe (Chrono Boost)  
  15  0:29  Assimilator  
  16  0:35  Probe (Chrono Boost)  
  16  0:46  Probe (Chrono Boost)  
  16  0:48  Gateway  
  17  0:57  Probe (Chrono Boost)  
  18  1:03  Gateway  
  18  1:07  Probe (Chrono Boost)  
  19  1:17  Assimilator  
  19  1:18  Probe (Chrono Boost)  
  20  1:28  Probe (Chrono Boost)  
  21  1:39  Probe (Chrono Boost)  
  22  1:49  Probe (Chrono Boost)  
  23  2:01  Nexus  
  23  2:04  Pylon  
  23  2:16  Cybernetics Core  
  24  2:22  Probe (Chrono Boost)  
  24  2:33  Pylon, Probe (Chrono Boost)  
  25  2:55  Twilight Council  
  25  2:57  Warp Gate  
  25  2:58  Mothership Core (Chrono Boost)  
  27  3:02  Pylon  
  27  3:10  Adept  
  27  3:12  Adept  
  31  3:16  Probe (Chrono Boost)  
  33  3:20  Probe (Chrono Boost)  
  33  3:27  Probe (Chrono Boost)  
  34  3:30  Probe (Chrono Boost)  
  35  3:37  Resonating Glaives (Chrono Boost), Probe (Chrono Boost)  
  35  3:41  Adept  
  38  3:42  Adept  
  38  3:44  Probe  
  41  3:51  Probe  
  41  3:55  Pylon  
  42  3:56  Probe  
  42  4:02  Forge  
  43  4:03  Probe  
  43  4:08  Probe  
  45  4:13  Stalker  
  47  4:19  Stalker  
  47  4:21  Probe  
  47  4:23  Probe  
  51  4:27  Assimilator  
  51  4:30  Gateway  
  51  4:35  Protoss Ground Weapons Level 1 (Chrono Boost)  
  51  4:48  Probe  
  51  4:49  Probe  
  53  5:00  Blink (Chrono Boost)  
  53  5:05  Probe  
  54  5:18  Robotics Facility  
  52  5:26  Probe x2  
  54  5:36  Photon Cannon  
  54  5:43  Photon Cannon  
  54  5:44  Pylon  
  54  5:48  Gateway  
  54  5:53  Adept x2  
  54  5:56  Probe  
  57  6:00  Nexus, Pylon  
  57  6:03  Pylon, Probe  
  58  6:05  Assimilator  
  58  6:06  Warp Prism  
  58  6:07  Assimilator  
  58  6:10  Assimilator  
  60  6:11  Probe  
  60  6:17  Adept x2  
  65  6:19  Pylon  
  65  6:39  Adept x3  
  67  6:41  Probe x2  
  69  6:50  Photon Cannon  
  69  6:54  Photon Cannon  
  69  6:55  Probe  
  69  7:01  Photon Cannon, Protoss Ground Weapons Level 2 (Chrono Boost)  
  70  7:02  Gateway  
  70  7:03  Immortal  
  74  7:10  Adept x2  
  74  7:12  Adept  
  74  7:13  Probe  
  74  7:15  Probe  
  81  7:16  Probe  
  83  7:25  Probe  
  83  7:26  Probe  
  85  7:32  Probe  
  86  7:40  Adept x4  
  76  8:09  Stalker x3  
  76  8:10  Stalker  
  80  8:13  Immortal  
  74  8:46  Adept x4  
  74  8:48  Adept  
  84  9:18  Stalker x4  
  84  9:19  Stalker  
  76  9:44  Immortal  
  76  9:48  Protoss Ground Weapons Level 3 (Chrono Boost)  
  76  9:54  Gateway, Templar Archives  
  76  9:56  Gateway  
  76  9:58  Pylon  
  76  10:01  Probe  
  76  10:02  Probe x2  
  75  10:07  Stalker x3  
  75  10:08  Stalker x2  
  85  10:15  Probe  
  85  10:16  Nexus  
  85  10:20  Assimilator  
  86  10:23  Assimilator, Gateway  
  86  10:24  Immortal  
  86  10:27  Pylon, Probe  
  91  10:30  Pylon  
  91  10:33  Stalker x2  
  91  10:34  Stalker x3  
  87  10:59  High Templar x5  
  87  11:03  Archon x2  
  97  11:07  Warp Prism  
  99  11:15  High Templar x2  
  101  11:27  Archon  
  93  11:35  Probe x2  
  93  11:37  Pylon  
  89  11:53  Photon Cannon  
  85  11:56  Photon Cannon  
  85  11:59  Photon Cannon  
  85  12:04  Warp Prism  
  85  12:05  Pylon  
  87  12:09  Pylon  
  87  12:11  Protoss Ground Armor Level 1 (Chrono Boost)  
  87  12:13  High Templar x2  
  87  12:14  High Templar x6  
  103  12:17  Archon  
  103  12:18  Archon x3  
  103  12:30  Photon Cannon  
  103  12:34  Probe  
  103  12:35  Probe  
  105  12:50  High Templar x3  
  105  12:51  High Templar x5  
  121  13:01  Gateway, Robotics Facility  
  121  13:10  Archon x2  
  121  13:11  Archon x2  
  121  13:19  Photon Cannon  
  121  13:21  Observer  
  122  13:37  Adept  
  122  13:38  Adept x3  
  122  13:41  Adept x4  
  136  13:43  Observer  
  140  13:48  Observer  
  140  13:51  Protoss Shields Level 1 (Chrono Boost)  
  126  14:04  Observer  
  125  14:27  Stalker x2  
  125  14:28  Stalker x6  
  125  14:29  Stalker  
  143  14:32  Immortal  
  144  15:12  Immortal (Chrono Boost)  
  145  15:15  Stalker x2  
  145  15:16  Stalker x4  
  145  15:17  Stalker  
  133  15:48  Observer (Chrono Boost)  
  119  16:15  Stalker x6  
  119  16:16  Stalker x3  
  107  16:56  Stalker x6  
  107  16:57  Stalker x3  
  125  17:05  Gateway  
  125  17:06  Gateway  
  125  17:08  Gateway  
  121  17:09  Gateway  
  121  17:15  Gateway  
  121  17:18  Gateway  
  121  17:20  Gateway  
  121  17:21  Gateway  
  117  17:24  Gateway  
  117  17:26  Gateway  
  113  17:32  High Templar x6  
  113  17:33  High Templar x3, Pylon  
  113  17:35  Pylon  
  113  17:36  Pylon, Archon x3  
  125  17:37  Archon  
  125  17:39  Pylon  
  87  18:17  Stalker x6  
  87  18:18  Stalker x3  
  75  18:50  Stalker x4  
  75  18:51  Stalker x5  
  92  19:20  Stalker x5  
  92  19:21  Stalker x4  
  104  19:33  Nexus  
  104  19:39  Nexus  
  90  20:12  Stalker x5  
  90  20:13  Stalker x3  
  78  20:27  Pylon  
  74  20:28  Pylon  
  74  20:33  Photon Cannon  
  74  20:34  Pylon  
  74  20:35  Pylon  
  74  20:37  Pylon, Stalker x3  
  74  20:40  Pylon  
  74  20:59  High Templar x2  
  74  21:00  High Templar x2  
  74  21:01  High Templar x5  
  74  21:02  High Templar x4  
  100  21:04  Archon x2  
  100  21:05  Archon  
  100  21:06  Archon x2  
  100  21:35  Stalker x4  
  108  21:53  Archon  
  96  22:00  Pylon  
  96  22:01  Probe  
Tags
 
Add a new tag
Caveats
  • Supply blocks, unpowered buildings, or Contaminate may cause inaccurate times.
  • Supply counts are checked every 10 seconds.